Map: Dusk Towers

Players

sbbokyFans - Winner!

  • Race: Zerg Zerg
  • League: Diamond

ILLBdA

  • Race: Protoss Protoss
  • League: Diamond

VOD

Have the link to the VOD?

Description

Time

  • Played on: Dec. 14, 2015, 10:03 a.m.
  • Length: 4:45
Show
View Real Time Build Order
Export as new Build Order

sbbokyFans Zerg - Winner!

Build Orders: Hatch First 

Get SALT Encoding   

  12  0:01  Drone  
  13  0:08  Drone  
  14  0:17  Overlord  
  14  0:29  Drone, Extractor  
  14  0:30  Drone, Extractor  
  16  0:41  Drone  
  17  0:45  Drone  
  18  1:01  Hatchery  
  18  1:03  Drone  
  18  1:12  Drone  
  18  1:15  Extractor  
  18  1:21  Spawning Pool  
  18  1:23  Drone  
  18  1:34  Drone  
  19  1:44  Drone  
  20  1:51  Hatchery  
  20  1:53  Drone  
  20  2:00  Overlord  
  20  2:11  Drone  
  21  2:16  Queen  
  23  2:23  Queen  
  23  2:29  Metabolic Boost  
  25  2:33  Zergling x2  
  25  2:36  Zergling x2  
  27  2:38  Drone  
  27  2:41  Drone  
  29  2:44  Drone  
  29  2:48  Drone  
  29  2:50  Drone  
  32  2:58  Overlord  
  32  3:03  Overlord  
  32  3:07  Drone  
  32  3:10  Pneumatized Carapace  
  33  3:13  Drone  
  33  3:14  Drone  
  35  3:21  Drone  
  35  3:22  Evolution Chamber  
  35  3:28  Queen  
  35  3:33  Zergling x2  
  35  3:34  Zergling x2  
  39  3:35  Zergling x2  
  39  3:38  Zergling x2  
  39  3:39  Zergling x2  
  39  3:41  Zergling x2  
  43  3:43  Zergling x2  
  43  3:45  Zergling x2  
  43  3:47  Zergling x2  
  46  3:49  Zergling x2  
  46  3:52  Zergling x2  
  47  4:04  Zergling x8  
  50  4:19  Zergling x2  
  50  4:20  Zergling x14  
  50  4:23  Overlord  
Show
View Real Time Build Order
Export as new Build Order

ILLBdA Protoss 

Build Orders: 1 Gate Expand 

Get SALT Encoding   

  12  0:01  Probe (Chrono Boost)  
  13  0:11  Probe (Chrono Boost)  
  14  0:18  Pylon  
  14  0:23  Probe (Chrono Boost)  
  15  0:36  Gateway  
  15  0:37  Probe (Chrono Boost)  
  16  0:47  Probe (Chrono Boost)  
  17  0:58  Probe (Chrono Boost)  
  18  1:08  Probe (Chrono Boost)  
  19  1:15  Nexus  
  19  1:20  Assimilator  
  19  1:24  Assimilator  
  19  1:26  Probe (Chrono Boost)  
  20  1:34  Cybernetics Core  
  20  1:42  Pylon  
  20  1:45  Probe (Chrono Boost)  
  21  1:56  Probe (Chrono Boost)  
  22  2:05  Gateway  
  22  2:10  Adept (Chrono Boost)  
  22  2:11  Warp Gate  
  22  2:14  Probe  
  25  2:26  Mothership Core (Chrono Boost)  
  28  2:30  Probe (Chrono Boost)  
  28  2:40  Probe (Chrono Boost), Adept (Chrono Boost)  
  31  2:45  Probe (Chrono Boost)  
  31  2:50  Probe (Chrono Boost)  
  33  2:52  Adept (Chrono Boost)  
  33  2:56  Probe (Chrono Boost)  
  36  3:05  Adept (Chrono Boost)  
  36  3:07  Stargate  
  36  3:09  Probe (Chrono Boost)  
  36  3:11  Probe (Chrono Boost)  
  40  3:24  Pylon  
  41  3:27  Probe (Chrono Boost)  
  41  3:32  Probe (Chrono Boost)  
  42  3:35  Pylon  
  42  3:37  Probe (Chrono Boost)  
  42  3:38  Sentry  
  45  3:42  Sentry  
  45  3:45  Probe (Chrono Boost)  
  45  3:47  Assimilator  
  45  3:48  Probe (Chrono Boost), Assimilator  
  49  4:01  Phoenix (Chrono Boost)  
  45  4:11  Gateway  
  45  4:13  Gateway  
  45  4:16  Probe  
  46  4:20  Probe  
  49  4:36  Twilight Council, Zealot  
  49  4:37  Zealot  
  54  4:41  Pylon  
Tags
 
Add a new tag
Caveats
  • Supply blocks, unpowered buildings, or Contaminate may cause inaccurate times.
  • Supply counts are checked every 10 seconds.